 Dungeon Crawl Stone Soup version 0.29-a0-275-g389c0b56f3 (webtiles) character file.

Game seed: 14196022386990700292

1302 dolemite99 the Quickloader (level 8, -7/62 HPs)
             Began as a Minotaur Hunter on Mar 12, 2022.
             Was a Believer of Wu Jian.
             Killed by nerve-wracking pain
             ... invoked by an orc priest
              (14 damage)
             ... on level 6 of the Dungeon.
             The game lasted 00:08:27 (6908 turns).

dolemite99 the Quickloader (Minotaur Hunter)        Turns: 6908, Time: 00:08:28

Health: -7/62      AC: 14    Str: 19    XL:     8   Next: 31%
Magic:  7/7        EV:  7    Int:  8    God:    Wu Jian [**....]
Gold:   546        SH:  0    Dex: 11    Spells: 7/7 levels left

rFire   . . .      SeeInvis .   b - +3 quarterstaff (freeze)
rCold   . . .      Faith    .   (shield currently unavailable)
rNeg    . . .      Spirit   .   f - +0 chain mail
rPois   +          Reflect  .   (helmet restricted)
rElec   .          Harm     .   F - +2 cloak {rPois}
rCorr   .          Rampage  .   s - +2 pair of gloves
Will    .....                   (no boots)
Stlth   ..........              (no amulet)
HPRegen 0.20/turn               (no ring)
MPRegen 0.10/turn               (no ring)

@: no status effects
A: horns 2, retaliatory headbutt
a: Renounce Religion, Wall Jump


You were on level 6 of the Dungeon.
You worshipped Wu Jian.
Wu Jian was pleased with you.
You visited 1 branch of the dungeon, and saw 6 of its levels.
You also visited: Ossuary.

You collected 546 gold pieces.

Inventory:

Hand Weapons
 a - a +1 hand crossbow
 b - a +3 quarterstaff of freezing (weapon)
 y - a +0 hunting sling
 E - a +1 short sword of speed
 G - a +0 war axe
 I - a +0 mace of protection
Missiles
 k - 6 silver boomerangs
 x - 167 stones
Armour
 f - a +0 chain mail (worn)
 l - a +0 ring mail
 s - a +2 pair of gloves (worn)
 F - a +2 cloak of poison resistance (worn)
Magical Staves
 r - a staff of cold
Jewellery
 i - an amulet of magic regeneration
 p - a ring of magical power
Wands
 q - a wand of mindburst (18)
 B - a wand of flame (38)
 C - a wand of paralysis (5)
 H - a wand of iceblast (9)
Scrolls
 c - 2 scrolls of immolation
 d - 2 scrolls of silence
 g - 2 scrolls of identify {@r1}
 t - 2 scrolls of noise
 u - a scroll of teleportation
 v - a scroll of brand weapon
Potions
 e - a potion of brilliance {unknown}
 h - a potion of might
 j - 4 potions of attraction
 m - a potion of magic {unknown}
 n - a potion of haste {unknown}
 o - 2 potions of heal wounds
 z - 3 potions of resistance {unknown}
 A - 3 potions of mutation {unknown}


   Skills:
 - Level 2.4 Fighting
 + Level 4.5 Staves
 - Level 10.1 Crossbows
 - Level 2.1 Dodging
 - Level 0.7 Stealth
 - Level 3.6 Evocations


You had 7 spell levels left.
You didn't know any spells.
Your spell library contained the following spells:

 Spells                   Type           Power      Damage    Failure   Level
 Corpse Rot               Necr/Air       0%         N/A       100%        2
 Dispel Undead            Necr           0%         3d6       100%        4
 Death Channel            Necr           0%         N/A       100%        6


Dungeon Overview and Level Annotations

Branches:
Dungeon (6/15)            Ossuary (visited)
 Temple: D:4-7

Altars:
Kikubaaqudgha
Qazlal
Wu Jian
Xom

Annotations:
D:5 2 transporters, enile's ghost, amateur DgAE


Innate Abilities, Weirdness & Mutations

You have a pair of horns on your head.
You reflexively headbutt those who attack you in melee.


Message History

The steam dragon hisses angrily.
The orc wizard points at you and mumbles some strange words.
The magic dart hits you but does no damage.
The steam dragon breathes steam at you. The ball of steam hits you!
Your +3 quarterstaff of freezing glows with a cold blue light!
b - a +3 quarterstaff of freezing (weapon)
You are engulfed in a cloud of scalding steam.
The steam dragon breathes steam at you. The ball of steam hits you.
The orc wizard is engulfed in a cloud of scalding steam.
You hit the orc wizard. You freeze the orc wizard.
Your headbutt misses the orc wizard.
The orc wizard is severely wounded.
The orc wizard points at you and mumbles some strange words.
The magic dart hits you.
You closely miss the orc wizard.
The orc wizard is severely wounded.
The orc wizard hits you but does no damage.
You hit the orc wizard. You freeze the orc wizard.
The orc wizard is almost dead.
The orc wizard points at you and mumbles some strange words.
The magic dart hits you.
You barely miss the orc wizard.
The orc wizard is almost dead.
The orc priest calls upon Beogh to heal the orc wizard.
The orc wizard is healed somewhat.
The orc wizard hits you but does no damage.
You hit the orc wizard. You freeze the orc wizard.
The orc wizard is severely wounded.
The orc wizard hits you with a +0 dagger.
You thump the orc wizard! You freeze the orc wizard.
You kill the orc wizard!
The Council accepts your kill. The steam dragon breathes steam at you.
The ball of steam hits you!!
* * * LOW HITPOINT WARNING * * *
The orc priest calls down the wrath of Beogh upon you.
Pain shoots through your body!
You die...

..#.##........... o#
..#.......##.#### #o#
.........###.######).#
....####.# #....##..#
..P.# #.## #.#...o#
..P.# #..###.#.#..###
..P.#
##.......##...####
..P.#
#####.####o.........
....# #.§§@§D##.....##
....# ######## ####.#
...## # ####


You could see a steam dragon (catching breath) and an orc priest.

Vanquished Creatures
  Prince Ribbit (D:5)
  A shadow (D:6)
  A sky beast (D:6)
  An ogre (D:5)
  An elf zombie (Ossuary)
  A necrophage (D:4)
  2 jellies (D:4)
  A human zombie (Ossuary)
  A centaur zombie (Ossuary)
  Crazy Yiuf (D:4)
  3 hounds
  2 iguanas (D:5)
  4 orc wizards
  2 mummies (Ossuary)
  Robin (D:1)
  7 adders
  A shadow imp (D:5)
  A worm zombie (D:5)
  A worm (D:2)
  11 dart slugs
  19 orcs
  9 endoplasms
  3 giant cockroaches (D:1)
  A gnoll zombie (Ossuary)
  12 goblins
  11 hobgoblins
  4 kobolds
  3 quokkas
  8 ball pythons
  7 bats
  A frilled lizard (D:2)
  6 goblin zombies (Ossuary)
  A hobgoblin zombie (Ossuary)
  3 orc zombies (Ossuary)
  4 rats
136 creatures vanquished.

Vanquished Creatures (others)
  An orc (D:4)
1 creature vanquished.

Grand Total: 137 creatures vanquished

Notes
Turn   | Place    | Note
-------+----------+-------------------------------------------
     0 | D:1      | dolemite99 the Minotaur Hunter began the quest for the Orb.
     0 | D:1      | Reached XP level 1. HP: 18/18 MP: 0/0
    97 | D:1      | Reached XP level 2. HP: 23/25 MP: 1/1
   127 | D:1      | Reached skill level 5 in Crossbows
   586 | D:2      | Noticed Robin
   607 | D:1      | Killed Robin
   608 | D:1      | Reached XP level 3. HP: 17/30 MP: 2/2
  1169 | D:2      | Reached skill level 6 in Crossbows
  1218 | D:2      | Found a stormy altar of Qazlal.
  1706 | D:3      | Reached XP level 4. HP: 37/37 MP: 3/3
  2128 | D:3      | Found a faded altar of an unknown god.
  2200 | D:3      | Prayed at the altar of an unknown god.
  2200 | D:3      | Became a worshipper of the Wu Jian Council
  2200 | D:3      | Reached * piety under Wu Jian
  2861 | D:4      | Reached skill level 7 in Crossbows
  2861 | D:4      | Reached XP level 5. HP: 42/42 MP: 4/4
  3831 | D:4      | Reached skill level 8 in Crossbows
  3878 | D:4      | Reached ** piety under Wu Jian
  3927 | D:4      | Reached XP level 6. HP: 50/50 MP: 5/5
  4099 | D:4      | Found a runed translucent door.
  4100 | D:4      | Noticed Crazy Yiuf
  4332 | D:5      | Entered Level 5 of the Dungeon
  4337 | D:5      | Found a sand-covered staircase.
  4357 | Ossuary  | Entered an ossuary
  4403 | Ossuary  | Reached skill level 9 in Crossbows
  4660 | D:5      | Reached XP level 7. HP: 56/56 MP: 6/6
  5005 | D:5      | Reached skill level 10 in Crossbows
  5121 | D:5      | Noticed Prince Ribbit
  5130 | D:5      | Killed Prince Ribbit
  5415 | D:4      | Paralysed by Crazy Yiuf for 6 turns
  5428 | D:4      | Killed Crazy Yiuf
  5429 | D:4      | Reached XP level 8. HP: 15/62 MP: 5/7
  6008 | D:5      | Found a shimmering altar of Xom.
  6034 | D:5      | Found a transporter.
  6077 | D:5      | Found a transporter.
  6077 | D:5      | Identified the +1 giant club of Analysis {protect, rF- rC+
                  | rN++ rCorr}
  6079 | D:5      | Noticed enile's ghost (amateur DgAE)
  6204 | D:6      | Found an ancient bone altar of Kikubaaqudgha.
  6908 | D:6      | Killed from afar by an orc priest

Illustrated notes

Levels and vault maps discovered:
D:1:      dpeg_arrival_simpleton_b, layout_rooms, amethyst_killhole
D:2:      minmay_door_path, layout_basic, basic_altar, uniq_robin
D:3:      kennysheep_slugbush, layout_basic, shapermc_ecumenical_altar_gd,
          kennysheep_generic_room_12
D:4:      layout_basic, minmay_close_crescents, uniq_crazy_yiuf_cottage
D:5:      layout_basic, general_overflow_altar, enter_ossuary_3,
          gammafunk_ghost_smash, uniq_prince_ribbit1
D:6:      dreamdust_elfheim, layout_rooms, mainiacjoe_overflow_boulevard,
          roderic_serpentine_path, corexii_hall_statues_l, uniq_maggie

Skill      XL: |  1  2  3  4  5  6  7  8 |
---------------+-------------------------+-----
Crossbows      | 5 6 7 8 9 10 | 10.1
Evocations     | 3 |  3.6
Staves         | 4 |  4.5
Fighting       | |  2.4
Dodging        | |  2.1
Stealth        | |  0.7

Action                   |  1- 3 |  4- 6 |  7- 9 || total
-------------------------+-------+-------+-------++-------
Melee: Unarmed           |     1 |       |       ||     1
       Hand crossbow     |       |     1 |       ||     1
       Short sword       |       |       |     7 ||     7
       Headbutt          |       |       |     5 ||     5
       Quarterstaff      |       |       |    17 ||    17
 Fire: Hand crossbow     |   114 |   267 |    96 ||   477
Invok: Lunge             |       |       |     1 ||     1
Evoke: Wand              |       |       |    13 ||    13
  Use: Potion            |       |     3 |     1 ||     4
       Scroll            |       |       |    11 ||    11
Armor: Leather armour    |     8 |       |       ||     8
       Ring mail         |    16 |    90 |    26 ||   132
       Chain mail        |       |       |     8 ||     8
Dodge: Dodged            |    28 |    85 |    42 ||   155

Table legend: (Time is in decaauts)
 A = Elapsed time spent in this place.
 B = Non-inter-level travel time spent in this place.
 C = Inter-level travel time spent in this place.
 D = Time resting spent in this place.
 E = Time spent auto-exploring this place.
 F = Levels seen in this place.
 G = Mean time per level.
                   A        B        C        D        E       F      G
               +--------+--------+--------+--------+--------+-----+--------+
         Total |   7019 |   6814 |    205 |   1855 |   3636 |   7 | 1002.7 |
       Dungeon |   6713 |   6508 |    205 |   1798 |   3517 |   6 | 1118.8 |
       Ossuary |    306 |    306 |      0 |     57 |    119 |   1 |  306.0 |
               +--------+--------+--------+--------+--------+-----+--------+

Top non-repeatable levels by time:
     D:4: 1705 daAuts
     D:3: 1676 daAuts
     D:5: 1017 daAuts
     D:1: 801 daAuts
     D:2: 796 daAuts
     D:6: 716 daAuts
 Ossuary: 306 daAuts
